[Event "ICC tourney 2046 (75 10)"]
[Site "Internet Chess Club"]
[Date "2020.10.11"]
[Round "7"]
[White "RockyWang"]
[Black "SunnyDays0"]
[Result "0-1"]
[ICCResult "White checkmated"]
[WhiteElo "733"]
[BlackElo "1147"]
[Opening "French: exchange variation"]
[ECO "C01"]
[NIC "FR.01"]
[Time "18:33:31"]
[TimeControl "4500+10"]

1. e4 e6 2. d4 d5 3. exd5 exd5 4. Nf3 c5 5. c3 Nf6 6. Bg5 c4 7. h3 Be7 8.
Be2 O-O 9. O-O Nc6 10. Nbd2 Bf5 11. Re1 a5 12. Nf1 Ne4 13. Bxe7 Qxe7 14.
N1d2 b5 15. Bf1 Qf6 16. Nxe4 Bxe4 17. Ne5 Nxe5 18. dxe5 Qg6 19. f3 Qb6+ 20.
Kh1 Bg6 21. Qd2 b4 22. Qxd5 Rfd8 23. Qxc4 Rd2 24. Re2 Bd3 25. Rxd2 Bxc4 26.
Bxc4 Rd8 27. Rad1 Rxd2 28. Rxd2 g6 29. Rd7 Qc5 30. Bxf7+ Kh8 31. e6 Qe3 32.
Rd1 Kg7 33. Kh2 Qe5+ 34. Kg1 Qc5+ 35. Kf1 Qb5+ 36. Ke1 Qe5+ 37. Kd2 Qg5+ 38.
Ke1 Qxg2 39. cxb4 axb4 40. Rd8 Qg3+ 41. Ke2 Qe5+ 42. Kd3 Qf5+ 43. Kc4 Qf4+
44. Kb5 Qg5+ 45. Kxb4 Qxd8 46. a4 Kf8 47. a5 Qd4+ 48. Kb3 Qa7 49. Kb4 Qb7+
50. Kc5 Qxb2 51. a6 Qa3+ 52. Kb6 Qb3+ 53. Kc7 Qc4+ 54. Kb7 Qd5+ 55. Kb8 Qb3+
56. Kc7 Qxf3 57. Kb8 Qb3+ 58. Kc8 Qc4+ 59. Kd7 Qd5+ 60. Kc7 Qc5+ 61. Kd7
Qa7+ 62. Kd8 Qd4+ 63. Kc8 Ke7 64. Kb7 Qb4+ 65. Kc7 Qc5+ 66. Kb7 Qb5+ 67. Ka7
g5 68. Bh5 Kxe6 69. Bg4+ Kf6 70. Bc8 Ke5 71. Ka8 Qb6 72. a7 Kd6 73. Bg4 Kc7
74. Bf3 Qd6 75. Bb7 Qd8+ 76. Bc8 Qxc8# {White checkmated} 0-1

[Event "ICC tourney 2046 (75 10)"]
[Site "Internet Chess Club"]
[Date "2020.10.11"]
[Round "7"]
[White "dkt2011"]
[Black "wildhog"]
[Result "0-1"]
[ICCResult "White checkmated"]
[WhiteElo "1247"]
[BlackElo "1484"]
[Opening "Caro-Kann: two knights variation"]
[ECO "B10"]
[NIC "CK.01"]
[Time "18:34:11"]
[TimeControl "4500+10"]

1. e4 c6 2. Nf3 d5 3. Nc3 dxe4 4. Nxe4 Nd7 5. Bc4 Ngf6 6. Nfg5 e6 7. Nxf6+
Nxf6 8. O-O Be7 9. Qf3 O-O 10. d3 Nd5 11. Ne4 Bd7 12. Qg3 Kh8 13. b3 b5 14.
Bxd5 cxd5 15. Bb2 Rg8 16. Nc3 Bf6 17. d4 Bxd4 18. a3 Rc8 19. Rad1 Bf6 20.
Rd3 Rc5 21. Bc1 a5 22. Bf4 Qc8 23. Ne2 Rxc2 24. Nd4 Bxd4 25. Rxd4 Rc3 26.
Rd3 Rxd3 27. Qxd3 Qb7 28. Bd2 b4 29. axb4 Bb5 30. Qd4 Bxf1 31. Kxf1 axb4 32.
Bxb4 Qc7 33. g3 Rd8 34. Bc3 f6 35. b4 Qc4+ 36. Qxc4 dxc4 37. b5 Rb8 38. Ke2
Rxb5 39. Bd2 e5 40. Ke3 Kg8 41. f4 Rb2 42. fxe5 Rb3+ 43. Kd4 Rd3+ 44. Kxc4
Rxd2 45. e6 Kf8 46. g4 Rxh2 47. Kd5 Ke7 48. g5 fxg5 49. Ke5 h5 50. Kf5 g4
51. Ke5 g3 52. Kd5 g2 53. Ke5 g1=Q 54. Kd5 Rc2 55. Ke5 Qd1 56. Kf5 Qd5+ 57.
Kg6 Rg2+ 58. Kh7 Qxe6 59. Kh8 Kf8 60. Kh7 Qg8# {White checkmated} 0-1

[Event "ICC tourney 2046 (75 10)"]
[Site "Internet Chess Club"]
[Date "2020.10.11"]
[Round "7"]
[White "charlestxie"]
[Black "sburreus09"]
[Result "1-0"]
[ICCResult "Black checkmated"]
[WhiteElo "1340"]
[BlackElo "1506"]
[Opening "Old Indian defense"]
[ECO "A42"]
[NIC "OI.07"]
[Time "18:33:56"]
[TimeControl "4500+10"]

1. d4 d6 2. c4 c6 3. Nf3 Bf5 4. Nc3 Nf6 5. e3 Nbd7 6. Bd3 Bg6 7. O-O Qc7 8.
Re1 e5 9. dxe5 dxe5 10. e4 Bb4 11. Nd2 Bxc3 12. bxc3 Rd8 13. Bc2 Nc5 14. Qe2
Ne6 15. Nf3 O-O 16. Ng5 Nf4 17. Bxf4 exf4 18. Nf3 Rfe8 19. e5 Nd7 20. Bxg6
hxg6 21. Qe4 Nc5 22. Qc2 Qe7 23. Rad1 g5 24. Qf5 Ne6 25. Nd4 g6 26. Qc2 g4
27. Nxe6 Qxe6 28. Rxd8 Rxd8 29. Qb3 b6 30. Qa4 Rd7 31. f3 f5 32. Qa6 gxf3
33. gxf3 g5 34. Qc8+ Kg7 35. Kh1 g4 36. fxg4 fxg4 37. Rg1 Kg6 38. Qh8 Rg7
39. Qh4 Kf5 40. Qh5+ Ke4 41. Rd1 Ke3 42. Qh4 g3 43. Qd8 f3 44. Qd4+ Ke2 45.
Qd2# {Black checkmated} 1-0

[Event "ICC tourney 2046 (75 10)"]
[Site "Internet Chess Club"]
[Date "2020.10.11"]
[Round "7"]
[White "miyzhang"]
[Black "lerui"]
[Result "0-1"]
[ICCResult "White resigns"]
[WhiteElo "1273"]
[BlackElo "1100"]
[Opening "Giuoco Piano"]
[ECO "C54"]
[NIC "IG.02"]
[Time "18:33:37"]
[TimeControl "4500+10"]

1. e4 e5 2. Nf3 Nc6 3. Bc4 Bc5 4. c3 Nf6 5. d3 h6 6. h3 O-O 7. Bb3 d6 8. g4
Nh7 9. g5 hxg5 10. Rg1 Na5 11. Nxg5 Qf6 12. Qe2 Nxb3 13. Nxh7 Kxh7 14. axb3
Kg8 15. Rg3 Be6 16. Bg5 Qg6 17. Be7 Qh6 18. Bxf8 Kxf8 19. Nd2 Bxh3 20. O-O-O
Be6 21. Kb1 Qf6 22. Rf1 Ke7 23. Rf3 Bg4 24. b4 Bxf3 25. Nxf3 Bb6 26. d4 exd4
27. e5 dxe5 28. cxd4 Qf5+ 29. Ka1 e4 30. Nd2 Qe6 31. d5 Qxd5 32. Nxe4 Qe6
33. Qf3 g6 34. Nc3 Rb8 35. Nd5+ Kf8 36. Nf4 Qf6 37. Qg3 Bd4 38. Nd3 Bb6 39.
Ne5 Rd8 40. Nc4 Qd4 41. Nxb6 axb6 42. Qxc7 Ra8+ 43. Kb1 Qd3+ 44. Qc2 Qxf1+
45. Qc1 Ra1+ 46. Kxa1 Qxc1+ {White resigns} 0-1

[Event "ICC tourney 2046 (75 10)"]
[Site "Internet Chess Club"]
[Date "2020.10.11"]
[Round "7"]
[White "Twinkletoesss"]
[Black "ChessMindTT"]
[Result "0-1"]
[ICCResult "White resigns"]
[WhiteElo "1392"]
[BlackElo "1433"]
[Opening "Bogo-Indian defense"]
[ECO "E11"]
[NIC "QI.01"]
[Time "18:33:38"]
[TimeControl "4500+10"]

1. d4 Nf6 2. c4 e6 3. Nf3 Bb4+ 4. Bd2 Bxd2+ 5. Qxd2 O-O 6. g3 b6 7. Bg2 Bb7
8. Nc3 d5 9. Ne5 Nbd7 10. Nxd7 Qxd7 11. cxd5 exd5 12. O-O Rfd8 13. Rfd1 c5
14. Rac1 Rac8 15. e3 Ba8 16. Qd3 Qe7 17. Rc2 Bc6 18. Rdc1 c4 19. Qe2 b5 20.
Re1 b4 21. Nd1 Ba4 22. b3 cxb3 23. Rxc8 Rxc8 24. Qa6 Qd7 25. axb3 Bxb3 26.
Nb2 Bc4 27. Qa5 Rb8 28. Rc1 b3 29. Bf1 Bxf1 30. Kxf1 h6 31. Kg2 Rc8 32. Rc5
Rxc5 33. dxc5 d4 34. Qa4 Qxa4 35. Nxa4 d3 36. Kf1 Kf8 37. Ke1 Ne4 38. c6 Ke7
39. f3 Nc5 40. Nb2 Kd6 41. Kd2 Kxc6 42. Kc3 a5 43. e4 a4 44. Kb4 d2 45. Kc3
a3 46. Nd1 b2 47. Kc2 Nd3 48. Kb1 Kc5 49. Ka2 Nc1+ 50. Kb1 Kb4 51. Nc3 Kxc3
{White resigns}
0-1

[Event "ICC tourney 2046 (75 10)"]
[Site "Internet Chess Club"]
[Date "2020.10.11"]
[Round "7"]
[White "Dayman"]
[Black "Vidipkona"]
[Result "1-0"]
[ICCResult "Black checkmated"]
[WhiteElo "1586"]
[BlackElo "1448"]
[Opening "Sicilian: Najdorf, Adams attack"]
[ECO "B90"]
[NIC "SI.14"]
[Time "18:33:32"]
[TimeControl "4500+10"]

1. e4 c5 2. Nf3 d6 3. d4 cxd4 4. Nxd4 Nf6 5. Nc3 a6 6. h3 e6 7. g4 Be7 8.
Bg2 Nc6 9. O-O O-O 10. a3 Bd7 11. g5 Ne8 12. h4 Nxd4 13. Qxd4 Nc7 14. f4 Nb5
15. Nxb5 Bxb5 16. c4 Bd7 17. f5 e5 18. Qf2 f6 19. Qg3 Re8 20. g6 h6 21. Bxh6
gxh6 22. g7 Qb6+ 23. Kh2 Bd8 24. Qg6 Re7 25. Qxh6 Rxg7 26. Rg1 Qf2 27. Kh1
Bc6 28. Raf1 Qg3 29. Rf3 Qg4 30. Qe3 Bxe4 31. Rg3 Qxg3 32. Qxe4 Rg4 33.
Qxg4+ Qxg4 34. Bd5+ Kh7 35. Rxg4 Rb8 36. Rg8 b5 37. b3 bxc4 38. Bxc4 a5 39.
a4 Rc8 40. Rf8 Kg7 41. Rf7+ Kh6 42. Kg2 Rc7 43. Rf8 Be7 44. Rh8+ Kg7 45.
Rg8+ Kh7 46. Ra8 Kh6 47. Rxa5 Kh5 48. Kh3 e4 49. Ra8 Kh6 50. Rh8+ Kg7 51.
Rg8+ Kh7 52. Rg4 d5 53. Bxd5 Rc3+ 54. Rg3 e3 55. Bc4 Bd6 56. Rg1 Bb4 57. Kg4
Rxc4+ 58. bxc4 e2 59. Kf3 e1=Q 60. Rxe1 Bxe1 61. c5 Kh6 62. Ke4 Kh5 63. Kd5
Kxh4 64. c6 Ba5 65. Kd6 Kg5 66. c7 Bxc7+ 67. Kxc7 Kxf5 68. a5 Kg4 69. a6 f5
70. a7 f4 71. a8=Q f3 72. Qg8+ Kh3 73. Qg1 Kh4 74. Kd6 f2 75. Qxf2+ Kg4 76.
Ke5 Kg5 77. Qg3+ Kh6 78. Kf6 Kh5 79. Qg5# {Black checkmated} 1-0

[Event "ICC tourney 2046 (75 10)"]
[Site "Internet Chess Club"]
[Date "2020.10.11"]
[Round "7"]
[White "dangdang2000"]
[Black "Electryon"]
[Result "1/2-1/2"]
[ICCResult "Game drawn by mutual agreement"]
[WhiteElo "1199"]
[BlackElo "1305"]
[Opening "Scandinavian (center counter) defense"]
[ECO "B01"]
[NIC "SD.02"]
[Time "18:33:30"]
[TimeControl "4500+10"]

1. e4 d5 2. exd5 Qxd5 3. Nc3 Qd8 4. d4 Nf6 5. Bc4 a6 6. Nge2 b5 7. Bb3 c5 8.
dxc5 Qxd1+ 9. Nxd1 e6 10. Be3 Bb7 11. O-O Nfd7 12. Ndc3 Nxc5 13. Rad1 Nxb3
14. axb3 Be7 15. Nd4 O-O 16. Rfe1 Bb4 17. Bd2 Nd7 18. Ne4 Be7 19. Bf4 Nf6
20. Nxf6+ Bxf6 21. c3 Rfd8 22. Rd2 Rac8 23. Bg3 Bd5 24. b4 Rd7 25. Red1 Rcd8
26. Nc2 Bc6 27. Rxd7 Rxd7 28. Rxd7 Bxd7 29. Kf1 Bc6 30. f3 Bg5 31. Nd4 Bd5
32. f4 Bf6 33. Bf2 e5 34. fxe5 Bxe5 35. g3 g6 36. Ke2 Bg7 37. Be3 f5 38. Kd3
Be4+ 39. Kd2 Kf7 40. Ne2 h6 41. Nf4 g5 42. Nd3 Bb7 43. Nc5 Bc8 44. Kd3 Ke7
45. Bd4 Bxd4 46. Kxd4 Kd6 47. b3 h5 48. h3 h4 49. gxh4 gxh4 50. c4 f4 51.
Ne4+ Kc6 52. Nf2 Bf5 53. Kc3 {Game drawn by mutual agreement} 1/2-1/2

[Event "ICC tourney 2046 (75 10)"]
[Site "Internet Chess Club"]
[Date "2020.10.11"]
[Round "7"]
[White "chess278"]
[Black "Levymeister"]
[Result "1/2-1/2"]
[ICCResult "Game drawn by mutual agreement"]
[WhiteElo "1408"]
[BlackElo "1419"]
[Opening "Réti: Nimzovich-Larsen attack"]
[ECO "A06"]
[NIC "QP.09"]
[Time "18:33:48"]
[TimeControl "4500+10"]

1. Nf3 d5 2. b3 Bf5 3. Bb2 e6 4. e3 c5 5. Be2 Nf6 6. d4 cxd4 7. exd4 Nc6 8.
a3 Bd6 9. O-O Qc7 10. Nbd2 Rc8 11. c4 O-O 12. Rc1 Ng4 13. h3 Nf6 14. c5 Bf4
15. b4 a6 16. Qb3 g5 17. Rcd1 h5 18. Bd3 g4 19. hxg4 Bxg4 20. Rde1 h4 21.
Bc1 h3 22. Be2 hxg2 23. Kxg2 Kg7 24. Rh1 Rg8 25. Reg1 Kf8 26. Kf1 Bxf3 27.
Bxf3 Nxd4 28. Qd3 Nxf3 29. Qxf3 Ke7 30. Bb2 Be5 31. Bc1 Rxg1+ 32. Rxg1 Rg8
33. Rh1 b6 34. Nb3 Ne4 35. Be3 bxc5 36. Nxc5 Nxc5 37. Bxc5+ Bd6 38. Rh7 Rf8
39. Be3 Qc4+ 40. Ke1 Ke8 41. Bh6 Qa2 42. Bxf8 Qb1+ 43. Ke2 Qc2+ 44. Kf1 Qb1+
45. Kg2 Qg6+ 46. Kf1 Qb1+ 47. Ke2 Qc2+ 48. Kf1 {Game drawn by mutual
agreement} 1/2-1/2